 Dungeon Crawl Stone Soup version 0.24.0-37-gcf1ca852f1 (webtiles) character file.

Game seed: 5821390539944890360, levelgen mode: deterministic

105 Kobolds4U the Conjurer (level 4, -1/38 HPs)
             Began as a Draconian Conjurer on Nov 24, 2019.
             Killed by divine providence
             ... invoked by an orc priest
              (11 damage)
             ... on level 3 of the Dungeon.
             The game lasted 00:05:16 (3246 turns).

Kobolds4U the Conjurer (Draconian Conjurer)         Turns: 3246, Time: 00:05:16

Health: -1/38      AC:  6    Str: 10    XL:     4   Next: 53%
Magic:  7/7        EV: 12    Int: 15    God:
Gold:   62         SH:  0    Dex: 13    Spells: 0/7 levels left

rFire    . . .     SeeInvis .   a - +0 short sword
rCold    . . .     Gourm    .   (no shield)
rNeg     . . .     Faith    .   (armour unavailable)
rPois    .         Spirit   .   i - +1 hat
rElec    .         Reflect  .   (no cloak)
rCorr    .         Harm     .   (no gloves)
MR       .....                  (no boots)
Stlth    ++........             (no amulet)
HPRegen  0.12/turn              (no ring)
MPRegen  0.10/turn              (no ring)

@: no status effects
A: unfitting armour, cold-blooded, AC +5
a: no special abilities


You were on level 3 of the Dungeon.
You were not hungry.

You visited 1 branch of the dungeon, and saw 3 of its levels.

You collected 62 gold pieces.

Inventory:

Hand Weapons
 a - a +0 short sword (weapon)
Missiles
 m - 8 boomerangs (quivered)
Armour
 i - a +1 hat (worn)
Jewellery
 j - an uncursed ring of fire
Scrolls
 c - 6 scrolls of identify {unknown}
 e - 2 scrolls of remove curse {unknown}
 h - a scroll of immolation {unknown}
 l - a scroll of teleportation {unknown}
 n - a scroll of magic mapping {unknown}
 p - a scroll of enchant armour {unknown}
Potions
 d - a potion of lignification {unknown}
 f - a potion of haste {unknown}
 g - 2 potions of might {unknown}
 k - 3 potions of curing {unknown}
Comestibles
 b - 7 rations
 o - a chunk of flesh


   Skills:
 - Level 3.2 Fighting
 + Level 2.8 Short Blades
 - Level 1.7 Dodging
 - Level 1.7 Stealth
 - Level 2.0 Spellcasting
 - Level 4.0 Conjurations


You couldn't memorise any spells.
You knew the following spells:

 Your Spells              Type           Power        Failure   Level  Hunger
a - Magic Dart            Conj           ##..         4%          1    #......
b - Searing Ray           Conj           ##....       6%          2    ###....
c - Dazzling Spray        Conj/Hex       #.....       28%         3    ###....
d - Animate Skeleton      Necr           N/A          22%         1    #......

Your spell library contained the following spells:

 Spells                   Type           Power        Failure   Level  Hunger
 Pain                     Necr           #...         22%         1    #......
 Iskenderun's Mystic Bla  Conj           ##......     38%         4    #####..
 Regeneration             Chrm/Necr      #.........   54%         3    ###....
 Vampiric Draining        Necr           #.........   54%         3    ###....
 Force Lance              Conj/Tloc      #.......     67%         4    #####..
 Fulminant Prism          Conj/Hex       #.........   67%         4    #####..
 Animate Dead             Necr           N/A          91%         4    #####..


Dungeon Overview and Level Annotations

Branches:
Dungeon (3/15)

Altars:


Innate Abilities, Weirdness & Mutations

Your plain brown scales are hard. (AC +5)
You cannot fit into any form of body armour.
You are cold-blooded and may be slowed by cold attacks.


Message History

An orc priest comes into view. It is wielding a +0 whip.
The gnoll hits you but does no damage. The gnoll hits you with a +0 flail.
You shred the net and break free!
The orc priest shouts!
The gnoll hits you but does no damage. The gnoll hits you with a +0 flail.
Found a stone staircase leading up.
The orc priest calls down the wrath of Beogh upon you.
Beogh smites you!
* * * LOW HITPOINT WARNING * * *
The gnoll throws a throwing net.
The throwing net barely misses you. The gnoll hits you with a +0 club.
* * * LOW HITPOINT WARNING * * *
The orc priest looks satisfied for a moment.
There is an open door here.
Some of the chunks of flesh in your inventory have rotted away.
There is an open door here.
The gnoll barely misses you.
The orc priest invokes the aid of Beogh against you.
Beogh smites you!
You die...

#.# #.# #.##.####.######.##
#.# #.# #.##.##...........#
#.###.####.##.##.#.##########
#.##..........##.#.##.....<.#
#.##..........##.#.##.#######
##.##.............#.##.#
##.##.....g...#####.##.#
##.###'####.........##.#
##........o...g.@......#
(#####.#################
o###.......... ..##........##
#g##........# #.g#..og....+
##g###'###### #..##.########
###.#..........


You could see an orc priest and 2 gnolls.

Vanquished Creatures
  3 adders
  A gnoll (D:1)
  3 leopard geckos (D:1)
  3 orcs (D:3)
  4 ball pythons
  2 giant cockroaches (D:1)
  5 goblins
  9 hobgoblins
  4 jackals (D:3)
  2 quokkas (D:2)
  6 bats
  5 frilled lizards
  5 kobolds (D:1)
  7 rats
59 creatures vanquished.

Vanquished Creatures (collateral kills)
  An orc (D:3)
1 creature vanquished.

Grand Total: 60 creatures vanquished

Notes
Turn   | Place    | Note
-------+----------+-------------------------------------------
     0 | D:1      | Kobolds4U the Draconian Conjurer began the quest for the
                  | Orb.
     0 | D:1      | Reached XP level 1. HP: 14/14 MP: 3/3
   210 | D:1      | Reached skill level 1 in Fighting
   309 | D:1      | Reached XP level 2. HP: 5/24 MP: 0/5
   921 | D:1      | Reached XP level 3. HP: 31/31 MP: 1/6
  1725 | D:1      | Reached skill level 1 in Short Blades
  1956 | D:1      | Learned a level 2 spell: Searing Ray
  1960 | D:1      | Learned a level 3 spell: Dazzling Spray
  2169 | D:2      | Reached XP level 4. HP: 38/38 MP: 5/7
  2497 | D:2      | You fall into a shaft and drop 1 floor!
  3011 | D:3      | Learned a level 1 spell: Animate Skeleton
  3246 | D:3      | Killed from afar by an orc priest

Levels and vault maps discovered:
D:1:      minmay_arrival_checkered_box, layout_basic, minmay_misc_feat_ornament,
          minmay_tromino_i4
D:2:      layout_basic
D:3:      layout_basic, chequers_ecumenical_altar_twisty,
          minmay_goblin_kobold_house

Skill      XL: |  1  2  3  4 |
---------------+-------------+-----
Fighting       | 2 3 |  3.2
Short Blades   | 1 2 |  2.8
Dodging        | |  1.7
Stealth        | |  1.7
Spellcasting   | |  2.0
Conjurations   | |  4.0

Action                   |  1- 3 |  4- 6 || total
-------------------------+-------+-------++-------
Melee: Unarmed           |     8 |       ||     8
       Short sword       |    74 |    25 ||    99
       Tailslap          |     7 |     5 ||    12
 Cast: Magic Dart        |    53 |    26 ||    79
       Searing Ray       |       |     2 ||     2
       Animate Skeleton  |       |     1 ||     1
 Stab: Sleeping          |     4 |     1 ||     5
  Eat: Chunk             |     5 |     4 ||     9
Armor: Skin              |    31 |     8 ||    39
Dodge: Dodged            |    51 |    13 ||    64
